[ AOE2 MATCH · #491938890 ]
UnrankedWu vs Khmer
[ REPLAY ANALYSIS · EXTRACTED FROM THE RECORDED GAME ]
Feudal
11:52
Castle
19:29
Imperial
37:41
| APM avg | 22.5 |
| APM peak | 55 |
| eAPM avg | 13.3 |
| Villagers / military | 203 / 100 |
Focus
⚔️ 30.0% · 🌾 70.0%
Unknown (1974) ×143 · Militia ×100
Feudal
11:16
Castle
16:21
Imperial
36:05
| APM avg | 36.0 |
| APM peak | 72 |
| eAPM avg | 18.6 |
| Villagers / military | 134 / 223 |
Focus
⚔️ 35.0% · 🌾 65.0%
Knight ×174 · Scout Cavalry ×46 · Camel Scout ×2 · Spearman ×1
Feudal
12:22
Castle
16:03
Imperial
27:45
| APM avg | 33.0 |
| APM peak | 76 |
| eAPM avg | 17.9 |
| Villagers / military | 156 / 258 |
Focus
⚔️ 40.6% · 🌾 59.4%
Knight ×137 · Spearman ×119 · Scout Cavalry ×1 · Ballista Elephant ×1
Feudal
13:54
Castle
28:23
Imperial
—
| APM avg | 34.6 |
| APM peak | 90 |
| eAPM avg | 13.2 |
| Villagers / military | 49 / 24 |
Focus
⚔️ 36.2% · 🌾 63.8%
Petard ×13 · Trade Cart ×4 · Spearman ×3 · Skirmisher ×3 · Archer ×2 · Eagle Scout ×1
Feudal
15:46
Castle
29:35
Imperial
53:02
| APM avg | 30.1 |
| APM peak | 64 |
| eAPM avg | 19.0 |
| Villagers / military | 178 / 112 |
Focus
⚔️ 26.4% · 🌾 73.6%
Spearman ×41 · Archer ×34 · Skirmisher ×34 · Battering Ram ×3
Feudal
9:50
Castle
21:22
Imperial
34:11
| APM avg | 63.7 |
| APM peak | 112 |
| eAPM avg | 24.9 |
| Villagers / military | 136 / 301 |
Focus
⚔️ 31.5% · 🌾 68.5%
Spearman ×185 · Archer ×116 · Unknown (1942) ×12
Match map
Initial resources + every placement click. Lines = walls · curves = elevation contours. ◆ gold · ⬟ stone · ● berries · ✦ relic · ◌ wall gap
Your base· Open — unwalled flank
deju30's base· Open — unwalled flank
javierva89's base· Open — unwalled flank
fitolino locche's base· ✓ Closed at 28:23 · 57t walls · no gate
Camagroc's base· Open — opponent sealed themselves in
ralcaz's base· Open — unwalled flank
Smoothed initial terrain · ◌ = detected wall gap · hover for details
Inputs per minute
— [AJJRR] Minillop - - deju30
Build order — [AJJRR] Minillop
First 150 of 400 actions detected
| 0:01 | Create | Villager (Male) |
| 0:01 | Create | Villager (Male) |
| 0:02 | Build | House |
| 0:04 | Build | House |
| 0:21 | Create | Villager (Male) |
| 0:21 | Create | Villager (Male) |
| 0:21 | Create | Villager (Male) |
| 0:22 | Create | Villager (Male) |
| 1:26 | Create | Villager (Male) |
| 2:05 | Build | Lumber Camp |
| 2:08 | Create | Villager (Male) |
| 2:09 | Create | Villager (Male) |
| 2:09 | Create | Villager (Male) |
| 2:19 | Create | Villager (Male) |
| 2:20 | Create | Villager (Male) |
| 2:51 | Create | Villager (Male) |
| 3:07 | Create | Villager (Male) |
| 3:42 | Create | Villager (Male) |
| 3:42 | Create | Villager (Male) |
| 4:05 | Create | Villager (Male) |
| 4:06 | Create | Villager (Male) |
| 4:25 | Build | House |
| 4:28 | Build | Palisade Wall |
| 4:39 | Build | Palisade Wall |
| 4:45 | Build | Palisade Wall |
| 5:02 | Build | House |
| 5:04 | Create | Villager (Male) |
| 5:04 | Create | Villager (Male) |
| 5:04 | Create | Villager (Male) |
| 5:10 | Build | Mill |
| 5:22 | Build | Palisade Wall |
| 5:30 | Build | Palisade Wall |
| 5:36 | Build | Palisade Wall |
| 5:40 | Build | House |
| 5:54 | Create | Villager (Male) |
| 5:54 | Create | Villager (Male) |
| 5:55 | Create | Villager (Male) |
| 6:27 | Create | Villager (Male) |
| 6:27 | Create | Villager (Male) |
| 6:28 | Create | Villager (Male) |
| 6:53 | Create | Villager (Male) |
| 6:53 | Create | Villager (Male) |
| 7:24 | Create | Villager (Male) |
| 7:24 | Create | Villager (Male) |
| 7:24 | Create | Villager (Male) |
| 8:02 | Create | Villager (Male) |
| 8:02 | Create | Villager (Male) |
| 8:43 | Create | Villager (Male) |
| 8:43 | Create | Villager (Male) |
| 9:02 | Build | House |
| 9:42 | Research | Feudal Age |
| 10:56 | Build | Farm |
| 11:00 | Build | Farm |
| 11:03 | Build | Farm |
| 11:06 | Build | Farm |
| 11:10 | Build | Farm |
| 11:15 | Build | House |
| 11:17 | Build | House |
| 11:18 | Build | House |
| 11:34 | Build | Barracks |
| 11:41 | Build | Mining Camp |
| 11:49 | Create | Villager (Male) |
| 11:49 | Create | Villager (Male) |
| 11:52 | Age | Feudal Age |
| 12:16 | Research | Loom |
| 12:24 | Build | Blacksmith |
| 12:39 | Build | Market |
| 12:55 | Build | House |
| 12:58 | Create | Villager (Male) |
| 12:58 | Create | Villager (Male) |
| 13:06 | Build | Farm |
| 13:44 | Build | House |
| 13:48 | Build | House |
| 13:55 | Build | House |
| 14:02 | Build | House |
| 14:14 | Build | House |
| 14:36 | Build | House |
| 14:39 | Create | Villager (Male) |
| 14:40 | Create | Villager (Male) |
| 14:48 | Build | Farm |
| 15:01 | Build | Farm |
| 15:11 | Build | Watch Tower |
| 15:18 | Build | Farm |
| 15:34 | Research | Fletching |
| 16:32 | Build | Barracks |
| 16:49 | Research | Castle Age |
| 17:07 | Build | Farm |
| 17:09 | Build | Farm |
| 17:14 | Build | Farm |
| 18:00 | Research | Scale Mail Armor |
| 18:11 | Build | House |
| 18:37 | Build | Lumber Camp |
| 19:08 | Research | Double-Bit Axe |
| 19:18 | Research | Horse Collar |
| 19:29 | Age | Castle Age |
| 19:52 | Create | Unit 1974 |
| 19:52 | Create | Unit 1974 |
| 20:10 | Create | Villager (Male) |
| 20:10 | Create | Villager (Male) |
| 20:12 | Create | Villager (Male) |
| 20:17 | Create | Unit 1974 |
| 20:18 | Create | Unit 1974 |
| 20:46 | Create | Unit 1974 |
| 20:47 | Create | Unit 1974 |
| 21:03 | Create | Villager (Male) |
| 21:03 | Create | Villager (Male) |
| 21:25 | Build | Town Center |
| 21:44 | Research | Squires |
| 21:46 | Create | Unit 1974 |
| 22:15 | Create | Unit 1974 |
| 22:16 | Create | Unit 1974 |
| 22:17 | Create | Unit 1974 |
| 22:35 | Build | Farm |
| 22:37 | Build | Farm |
| 22:44 | Create | Villager (Male) |
| 22:45 | Create | Villager (Male) |
| 22:52 | Create | Villager (Male) |
| 23:38 | Create | Villager (Male) ×4 |
| 24:14 | Create | Villager (Male) ×3 |
| 25:18 | Create | Villager (Male) ×5 |
| 25:46 | Create | Villager (Male) ×2 |
| 26:17 | Build | Town Center |
| 26:21 | Create | Villager (Male) |
| 26:22 | Create | Villager (Male) |
| 26:25 | Create | Unit 1974 |
| 26:43 | Research | Bow Saw |
| 26:50 | Research | Heavy Plow |
| 26:50 | Research | Heavy Plow |
| 26:54 | Create | Villager (Male) ×2 |
| 27:08 | Create | Villager (Male) |
| 27:08 | Create | Villager (Male) |
| 27:10 | Build | Farm |
| 27:15 | Build | Mill |
| 27:15 | Build | Farm |
| 27:16 | Build | Farm |
| 27:16 | Build | Farm |
| 27:16 | Build | Farm |
| 27:16 | Build | Farm |
| 27:16 | Build | Farm |
| 27:17 | Build | Farm |
| 27:17 | Build | Farm |
| 27:17 | Build | Farm |
| 27:17 | Build | Farm |
| 27:24 | Create | Villager (Male) |
| 27:25 | Create | Villager (Male) |
| 27:26 | Create | Villager (Male) |
| 27:54 | Create | Villager (Male) |
| 27:54 | Create | Villager (Male) ×2 |
| 27:54 | Create | Villager (Male) |
| 27:59 | Build | Farm |
Build order — deju30
First 150 of 519 actions detected
| 0:01 | Create | Villager (Male) |
| 0:01 | Create | Villager (Male) |
| 0:01 | Create | Villager (Male) |
| 0:02 | Build | House |
| 0:03 | Build | House |
| 0:13 | Create | Villager (Male) |
| 0:18 | Create | Villager (Male) |
| 1:27 | Create | Villager (Male) |
| 1:59 | Create | Villager (Male) |
| 2:08 | Build | Lumber Camp |
| 2:20 | Create | Villager (Male) |
| 2:41 | Create | Villager (Male) |
| 3:06 | Build | House |
| 3:17 | Create | Villager (Male) |
| 3:52 | Create | Villager (Male) |
| 3:55 | Build | Mill |
| 4:19 | Create | Villager (Male) |
| 4:41 | Create | Villager (Male) |
| 4:41 | Create | Villager (Male) |
| 5:07 | Create | Villager (Male) |
| 6:01 | Create | Villager (Male) |
| 6:01 | Create | Villager (Male) |
| 6:31 | Research | Loom |
| 6:36 | Build | House |
| 6:53 | Create | Villager (Male) |
| 6:53 | Create | Villager (Male) |
| 8:01 | Create | Villager (Male) |
| 8:01 | Create | Villager (Male) |
| 8:08 | Create | Villager (Male) |
| 8:27 | Create | Villager (Male) |
| 9:05 | Research | Feudal Age |
| 9:38 | Build | Mining Camp |
| 11:16 | Age | Feudal Age |
| 11:21 | Build | Barracks |
| 11:23 | Research | Wheelbarrow |
| 11:55 | Build | Stable |
| 12:00 | Build | Blacksmith |
| 12:43 | Create | Villager (Male) |
| 12:46 | Build | House |
| 13:28 | Create | Villager (Male) |
| 13:32 | Build | Farm |
| 13:32 | Build | Farm |
| 13:52 | Build | Farm |
| 13:56 | Research | Castle Age |
| 13:59 | Build | Farm |
| 14:23 | Build | House |
| 14:27 | Build | Farm |
| 14:28 | Build | Farm |
| 14:29 | Build | Farm |
| 14:44 | Build | Farm |
| 14:52 | Build | Farm |
| 16:03 | Build | House |
| 16:21 | Age | Castle Age |
| 16:24 | Create | Villager (Male) |
| 16:24 | Create | Villager (Male) |
| 16:29 | Build | Town Center |
| 16:34 | Create | Knight |
| 16:35 | Create | Knight |
| 16:50 | Create | Villager (Male) |
| 16:56 | Create | Knight |
| 17:04 | Build | House |
| 17:14 | Create | Villager (Male) |
| 17:14 | Create | Villager (Male) |
| 17:17 | Build | Farm |
| 17:22 | Build | House |
| 17:24 | Create | Knight |
| 17:40 | Create | Knight |
| 17:42 | Build | House |
| 17:45 | Create | Villager (Male) |
| 18:04 | Build | House |
| 18:05 | Build | House |
| 18:11 | Create | Villager (Male) |
| 18:15 | Create | Villager (Male) |
| 18:23 | Create | Villager (Male) |
| 18:59 | Create | Villager (Male) |
| 19:00 | Create | Villager (Male) |
| 19:10 | Create | Knight |
| 19:10 | Create | Knight |
| 19:14 | Build | Town Center |
| 19:34 | Create | Villager (Male) |
| 19:37 | Create | Villager (Male) |
| 20:14 | Create | Villager (Male) |
| 21:35 | Create | Villager (Male) |
| 21:41 | Build | Farm |
| 21:46 | Build | Farm |
| 21:46 | Build | Farm |
| 22:38 | Create | Villager (Male) |
| 22:39 | Create | Villager (Male) |
| 22:41 | Create | Villager (Male) |
| 22:43 | Build | Farm |
| 22:43 | Build | Farm |
| 22:45 | Build | Farm |
| 22:47 | Build | Farm |
| 22:52 | Build | Farm |
| 22:53 | Build | Farm |
| 22:53 | Build | Farm |
| 23:14 | Create | Villager (Male) |
| 23:16 | Create | Villager (Male) |
| 23:19 | Build | Farm |
| 23:19 | Build | Farm |
| 23:20 | Build | Farm |
| 23:22 | Build | Farm |
| 23:23 | Build | Farm |
| 23:24 | Build | Farm |
| 23:26 | Build | Farm |
| 23:26 | Create | Villager (Male) |
| 23:36 | Build | Farm |
| 23:38 | Create | Villager (Male) |
| 23:57 | Create | Villager (Male) |
| 23:58 | Create | Villager (Male) |
| 24:31 | Create | Villager (Male) |
| 24:32 | Create | Villager (Male) |
| 24:36 | Research | Double-Bit Axe |
| 24:48 | Build | Farm |
| 24:49 | Create | Villager (Male) |
| 24:50 | Create | Villager (Male) |
| 24:53 | Create | Villager (Male) |
| 24:55 | Create | Villager (Male) |
| 24:59 | Build | Farm |
| 25:00 | Build | Farm |
| 25:03 | Build | Farm |
| 25:06 | Build | Farm |
| 25:07 | Build | Farm |
| 25:10 | Create | Villager (Male) |
| 25:13 | Create | Villager (Male) |
| 25:14 | Create | Villager (Male) |
| 25:14 | Create | Villager (Male) |
| 25:23 | Create | Knight |
| 25:23 | Create | Knight |
| 25:33 | Create | Knight |
| 25:38 | Create | Villager (Male) |
| 25:39 | Create | Villager (Male) |
| 25:44 | Build | Farm |
| 25:45 | Build | Farm |
| 25:48 | Build | Farm |
| 26:08 | Create | Villager (Male) |
| 26:09 | Create | Villager (Male) |
| 26:11 | Build | Farm |
| 26:16 | Build | Market |
| 26:21 | Create | Villager (Male) |
| 26:22 | Create | Villager (Male) |
| 26:23 | Create | Villager (Male) |
| 26:23 | Create | Villager (Male) |
| 26:24 | Create | Villager (Male) |
| 26:25 | Create | Villager (Male) |
| 27:19 | Create | Villager (Male) |
| 27:19 | Create | Villager (Male) |
| 27:19 | Create | Villager (Male) |
| 27:20 | Create | Villager (Male) |
| 27:21 | Create | Villager (Male) |
Build order — javierva89
First 150 of 574 actions detected
| 0:05 | Create | Villager (Male) |
| 0:05 | Create | Villager (Male) |
| 0:05 | Create | Villager (Male) |
| 0:05 | Create | Villager (Male) |
| 0:06 | Create | Villager (Male) |
| 0:08 | Build | House |
| 0:11 | Build | House |
| 1:41 | Create | Villager (Male) |
| 2:08 | Create | Villager (Male) |
| 2:08 | Create | Villager (Male) |
| 2:23 | Create | Villager (Male) |
| 2:24 | Create | Villager (Male) |
| 3:19 | Create | Villager (Male) |
| 3:19 | Create | Villager (Male) |
| 3:31 | Create | Villager (Male) |
| 4:02 | Create | Villager (Male) |
| 4:02 | Create | Villager (Male) |
| 4:16 | Build | Lumber Camp |
| 4:24 | Build | House |
| 4:24 | Build | House |
| 4:52 | Create | Villager (Male) |
| 4:52 | Create | Villager (Male) |
| 4:53 | Create | Villager (Male) |
| 4:53 | Create | Villager (Male) |
| 4:53 | Create | Villager (Male) |
| 5:18 | Create | Villager (Male) |
| 5:18 | Create | Villager (Male) |
| 5:18 | Create | Villager (Male) |
| 6:44 | Create | Villager (Male) |
| 6:44 | Create | Villager (Male) |
| 6:44 | Create | Villager (Male) |
| 6:45 | Create | Villager (Male) |
| 7:25 | Create | Villager (Male) |
| 7:25 | Create | Villager (Male) |
| 7:50 | Build | Mill |
| 7:57 | Create | Villager (Male) |
| 7:57 | Create | Villager (Male) |
| 7:59 | Build | Farm |
| 8:12 | Create | Villager (Male) |
| 8:29 | Build | Mining Camp |
| 8:55 | Build | Farm |
| 8:57 | Build | Farm |
| 8:58 | Build | Farm |
| 9:16 | Create | Villager (Male) |
| 9:26 | Create | Villager (Male) |
| 9:58 | Build | Farm |
| 10:04 | Build | Farm |
| 10:12 | Research | Feudal Age |
| 10:17 | Build | House |
| 10:36 | Build | Farm |
| 10:54 | Build | Farm |
| 11:24 | Build | Farm |
| 12:22 | Age | Feudal Age |
| 12:41 | Create | Villager (Male) |
| 13:23 | Research | Castle Age |
| 13:55 | Research | Double-Bit Axe |
| 14:17 | Create | Villager (Male) |
| 16:03 | Age | Castle Age |
| 16:07 | Build | Town Center |
| 16:12 | Create | Villager (Male) |
| 16:24 | Build | Town Center |
| 16:37 | Create | Villager (Male) |
| 16:42 | Build | House |
| 17:02 | Create | Villager (Male) |
| 17:03 | Create | Villager (Male) |
| 17:29 | Create | Villager (Male) |
| 17:33 | Create | Villager (Male) |
| 17:33 | Create | Villager (Male) |
| 17:41 | Create | Villager (Male) |
| 17:41 | Create | Villager (Male) |
| 17:58 | Build | House |
| 18:00 | Build | House |
| 18:04 | Create | Villager (Male) |
| 18:05 | Create | Villager (Male) |
| 18:05 | Create | Villager (Male) |
| 18:24 | Create | Villager (Male) |
| 18:24 | Create | Villager (Male) |
| 18:29 | Research | Wheelbarrow |
| 18:34 | Research | Bow Saw |
| 18:47 | Build | Farm |
| 18:56 | Create | Villager (Male) |
| 18:57 | Create | Villager (Male) |
| 18:57 | Create | Villager (Male) |
| 18:57 | Create | Villager (Male) |
| 19:18 | Create | Villager (Male) |
| 19:19 | Create | Villager (Male) |
| 19:19 | Create | Villager (Male) |
| 19:31 | Build | Farm |
| 19:36 | Build | Farm |
| 19:39 | Build | Farm |
| 19:43 | Build | Farm |
| 19:51 | Build | Farm |
| 19:53 | Create | Villager (Male) |
| 19:53 | Create | Villager (Male) |
| 19:53 | Create | Villager (Male) |
| 20:01 | Create | Villager (Male) |
| 20:13 | Build | House |
| 20:15 | Build | House |
| 20:24 | Create | Villager (Male) |
| 20:24 | Create | Villager (Male) |
| 20:41 | Create | Villager (Male) |
| 20:41 | Create | Villager (Male) |
| 20:53 | Build | House |
| 20:59 | Build | Farm |
| 20:59 | Build | Farm |
| 20:59 | Build | Farm |
| 21:02 | Build | Farm |
| 21:06 | Build | Farm |
| 21:44 | Build | Stable |
| 21:49 | Build | House |
| 21:54 | Create | Villager (Male) |
| 21:55 | Create | Villager (Male) |
| 21:55 | Create | Villager (Male) |
| 22:12 | Build | Farm |
| 22:13 | Build | Farm |
| 22:13 | Build | Farm |
| 22:13 | Build | Farm |
| 23:00 | Build | Town Center |
| 23:13 | Build | Palisade Wall |
| 23:16 | Build | House |
| 23:18 | Create | Villager (Male) |
| 23:18 | Create | Villager (Male) |
| 23:18 | Create | Villager (Male) |
| 23:19 | Create | Villager (Male) |
| 23:19 | Create | Villager (Male) |
| 23:20 | Create | Villager (Male) |
| 23:20 | Create | Villager (Male) |
| 23:25 | Build | Farm |
| 23:25 | Build | Farm |
| 23:26 | Build | Farm |
| 23:26 | Build | Farm |
| 23:26 | Build | Farm |
| 23:39 | Create | Villager (Male) |
| 23:39 | Create | Villager (Male) |
| 23:40 | Create | Villager (Male) |
| 23:48 | Research | Loom |
| 23:54 | Build | Mining Camp |
| 23:57 | Create | Villager (Male) |
| 23:57 | Create | Villager (Male) |
| 23:58 | Create | Villager (Male) |
| 24:09 | Build | Palisade Wall |
| 24:12 | Build | Palisade Wall |
| 24:16 | Create | Villager (Male) |
| 24:17 | Create | Villager (Male) |
| 24:35 | Research | Imperial Age |
| 24:43 | Create | Villager (Male) |
| 24:44 | Create | Villager (Male) |
| 24:44 | Create | Villager (Male) |
| 24:44 | Create | Villager (Male) |
| 24:53 | Build | Farm |
Build order — fitolino locche
First 150 of 163 actions detected
| 0:03 | Research | Loom |
| 0:03 | Create | Villager (Male) ×3 |
| 0:05 | Build | House |
| 0:06 | Build | House |
| 1:38 | Create | Villager (Male) |
| 1:38 | Create | Villager (Male) |
| 1:38 | Create | Villager (Male) |
| 2:04 | Create | Villager (Male) |
| 2:04 | Create | Villager (Male) |
| 2:04 | Create | Villager (Male) |
| 2:30 | Create | Villager (Male) |
| 2:30 | Create | Villager (Male) |
| 2:31 | Create | Villager (Male) |
| 2:57 | Create | Villager (Male) |
| 2:58 | Create | Villager (Male) |
| 3:21 | Create | Villager (Male) |
| 3:42 | Build | House |
| 4:07 | Create | Villager (Male) |
| 4:28 | Build | House |
| 4:45 | Create | Villager (Male) |
| 4:58 | Build | Palisade Wall |
| 4:59 | Build | Palisade Wall |
| 5:05 | Build | Palisade Wall |
| 5:09 | Build | Palisade Wall |
| 5:22 | Build | Palisade Wall |
| 5:25 | Build | Palisade Wall |
| 5:34 | Create | Villager (Male) |
| 6:10 | Build | Mill |
| 6:11 | Create | Villager (Male) |
| 6:12 | Create | Villager (Male) |
| 6:28 | Build | Palisade Wall |
| 6:48 | Build | Palisade Gate |
| 7:03 | Create | Villager (Male) |
| 7:53 | Create | Villager (Male) |
| 8:15 | Create | Villager (Male) |
| 8:36 | Create | Villager (Male) |
| 8:37 | Create | Villager (Male) |
| 8:55 | Build | House |
| 8:58 | Create | Villager (Male) |
| 9:36 | Create | Villager (Male) |
| 9:45 | Build | Mill |
| 9:55 | Create | Villager (Male) |
| 10:25 | Build | Palisade Wall |
| 10:28 | Build | Palisade Wall |
| 10:29 | Build | Palisade Wall |
| 10:58 | Build | Lumber Camp |
| 11:18 | Build | Barracks |
| 11:25 | Build | Barracks |
| 11:44 | Research | Feudal Age |
| 11:45 | Research | Feudal Age |
| 12:22 | Build | Mining Camp |
| 13:11 | Build | Palisade Wall |
| 13:54 | Age | Feudal Age |
| 13:57 | Create | Spearman |
| 14:07 | Build | Archery Range |
| 14:45 | Build | Farm |
| 14:48 | Build | Farm |
| 15:03 | Create | Spearman |
| 15:11 | Create | Archer |
| 15:29 | Create | Archer |
| 15:55 | Build | House |
| 16:02 | Build | Farm |
| 16:02 | Build | Farm |
| 16:03 | Build | Farm |
| 16:03 | Build | Farm |
| 16:03 | Build | Farm |
| 16:20 | Create | Skirmisher |
| 16:52 | Create | Skirmisher |
| 17:01 | Create | Villager (Male) |
| 17:21 | Create | Skirmisher |
| 17:47 | Create | Villager (Male) |
| 18:08 | Create | Spearman |
| 18:17 | Create | Eagle Scout |
| 18:19 | Create | Villager (Male) |
| 18:37 | Create | Villager (Male) |
| 19:37 | Build | Stone Wall |
| 19:47 | Build | Stone Wall |
| 19:49 | Build | Stone Wall |
| 19:53 | Build | Stone Wall |
| 19:56 | Build | Stone Wall |
| 19:57 | Create | Villager (Male) |
| 20:19 | Create | Villager (Male) |
| 20:30 | Build | Farm |
| 20:33 | Build | Farm |
| 22:20 | Build | Watch Tower |
| 23:35 | Build | Stone Wall |
| 23:44 | Build | Mill |
| 24:17 | Build | House |
| 24:18 | Build | House |
| 24:19 | Build | House |
| 24:21 | Build | House |
| 24:23 | Build | House |
| 24:36 | Build | House |
| 24:42 | Build | Market |
| 25:29 | Build | Blacksmith |
| 25:43 | Research | Castle Age |
| 25:58 | Build | Mining Camp |
| 26:10 | Build | Mining Camp |
| 27:53 | Build | Mining Camp |
| 27:57 | Build | Mining Camp |
| 28:23 | Age | Castle Age |
| 29:21 | Research | Town Watch |
| 29:48 | Build | Stone Wall |
| 30:06 | Build | Farm |
| 31:34 | Build | Stone Wall |
| 31:55 | Build | Lumber Camp |
| 32:18 | Create | Villager (Male) |
| 32:53 | Create | Villager (Male) |
| 34:01 | Create | Villager (Male) |
| 34:12 | Build | Farm |
| 34:14 | Create | Villager (Male) |
| 34:56 | Create | Villager (Male) |
| 35:20 | Build | Castle |
| 35:28 | Research | Crossbowman (upgrade) |
| 35:30 | Create | Villager (Male) |
| 36:08 | Build | Castle |
| 36:21 | Build | Gate |
| 36:34 | Build | Palisade Gate |
| 37:01 | Build | Siege Workshop |
| 37:18 | Create | Villager (Male) |
| 37:18 | Create | Villager (Male) |
| 37:33 | Build | Lumber Camp |
| 37:39 | Create | Petard |
| 37:39 | Create | Petard |
| 37:49 | Create | Petard |
| 37:50 | Create | Petard |
| 37:50 | Create | Petard |
| 37:50 | Create | Petard |
| 37:50 | Create | Petard |
| 37:51 | Create | Petard |
| 37:51 | Create | Petard |
| 38:17 | Create | Villager (Male) |
| 38:22 | Build | Farm |
| 38:23 | Create | Villager (Male) |
| 39:06 | Build | Farm |
| 39:09 | Create | Petard |
| 39:19 | Create | Villager (Male) |
| 39:24 | Research | Double-Bit Axe |
| 39:55 | Build | House |
| 40:41 | Create | Villager (Male) |
| 41:36 | Create | Petard |
| 41:36 | Create | Petard |
| 41:37 | Create | Villager (Male) |
| 41:51 | Create | Battering Ram |
| 43:45 | Create | Plumed Archer |
| 45:02 | Create | Petard |
| 45:49 | Build | Mining Camp |
| 47:39 | Build | Mill |
| 49:18 | Build | Market |
| 49:50 | Build | Market |
Build order — Camagroc
First 150 of 424 actions detected
| 0:01 | Create | Villager (Male) |
| 0:02 | Create | Villager (Male) |
| 0:02 | Create | Villager (Male) |
| 0:04 | Build | House |
| 0:05 | Build | House |
| 0:26 | Create | Villager (Male) |
| 0:27 | Create | Villager (Male) |
| 1:24 | Create | Villager (Male) |
| 1:54 | Build | Lumber Camp |
| 1:57 | Create | Villager (Male) |
| 1:57 | Create | Villager (Male) |
| 2:11 | Create | Villager (Male) |
| 2:11 | Create | Villager (Male) |
| 2:25 | Research | Loom |
| 2:44 | Create | Villager (Male) |
| 2:44 | Create | Villager (Male) |
| 3:27 | Build | Palisade Wall |
| 3:33 | Create | Villager (Male) |
| 3:34 | Create | Villager (Male) |
| 3:43 | Create | Villager (Male) |
| 3:43 | Create | Villager (Male) |
| 4:13 | Build | Palisade Wall |
| 4:22 | Build | House |
| 4:46 | Build | Palisade Wall |
| 4:47 | Create | Villager (Male) |
| 4:47 | Create | Villager (Male) |
| 5:09 | Build | Palisade Wall |
| 5:23 | Create | Villager (Male) |
| 5:23 | Create | Villager (Male) |
| 5:42 | Create | Villager (Male) |
| 5:43 | Create | Villager (Male) |
| 6:16 | Create | Villager (Male) |
| 6:16 | Create | Villager (Male) |
| 6:30 | Build | Palisade Wall |
| 6:42 | Build | Palisade Wall |
| 6:43 | Build | Palisade Wall |
| 6:51 | Build | Palisade Wall |
| 7:28 | Build | Palisade Wall |
| 7:41 | Create | Villager (Male) |
| 7:41 | Create | Villager (Male) |
| 8:40 | Build | Mill |
| 8:44 | Create | Villager (Male) |
| 8:45 | Create | Villager (Male) |
| 8:46 | Create | Villager (Male) |
| 8:59 | Build | Palisade Wall |
| 9:29 | Build | House |
| 9:36 | Create | Villager (Male) |
| 9:46 | Create | Villager (Male) |
| 9:46 | Create | Villager (Male) |
| 9:49 | Create | Villager (Male) |
| 9:49 | Create | Villager (Male) |
| 10:13 | Build | House |
| 10:52 | Build | Mining Camp |
| 11:14 | Build | Farm |
| 11:15 | Build | Farm |
| 11:15 | Build | Farm |
| 11:15 | Build | Farm |
| 11:16 | Build | Farm |
| 11:16 | Build | Farm |
| 11:23 | Create | Villager (Male) |
| 12:46 | Build | Palisade Wall |
| 12:47 | Build | Palisade Wall |
| 12:48 | Build | Palisade Wall |
| 12:49 | Build | Palisade Wall |
| 12:55 | Build | Palisade Wall |
| 12:56 | Build | Palisade Wall |
| 12:58 | Build | Palisade Wall |
| 13:18 | Build | Palisade Wall |
| 13:19 | Build | Palisade Wall |
| 13:24 | Build | Palisade Wall |
| 13:25 | Build | Palisade Wall |
| 13:25 | Build | Palisade Wall |
| 13:36 | Research | Feudal Age |
| 14:22 | Build | Barracks |
| 14:28 | Build | Farm |
| 14:31 | Build | Farm |
| 14:42 | Build | Palisade Wall |
| 14:43 | Build | Palisade Wall |
| 14:44 | Build | Palisade Wall |
| 14:46 | Build | Palisade Wall |
| 14:47 | Build | Palisade Wall |
| 14:49 | Build | Palisade Wall |
| 14:49 | Build | Palisade Wall |
| 14:50 | Build | Palisade Wall |
| 14:51 | Build | Palisade Wall |
| 14:52 | Build | Palisade Wall |
| 15:40 | Create | Villager (Male) |
| 15:40 | Create | Villager (Male) |
| 15:46 | Age | Feudal Age |
| 15:51 | Create | Spearman |
| 15:51 | Create | Spearman |
| 15:57 | Build | Archery Range |
| 16:17 | Research | Town Watch |
| 16:32 | Create | Spearman |
| 16:33 | Create | Spearman |
| 16:33 | Create | Villager (Male) |
| 16:34 | Create | Villager (Male) |
| 16:34 | Create | Villager (Male) |
| 16:38 | Create | Skirmisher |
| 16:38 | Create | Skirmisher |
| 16:38 | Create | Skirmisher |
| 17:02 | Build | House |
| 17:04 | Create | Villager (Male) |
| 17:04 | Create | Villager (Male) |
| 17:16 | Build | Mining Camp |
| 17:22 | Create | Skirmisher |
| 17:22 | Create | Skirmisher |
| 17:36 | Create | Villager (Male) |
| 17:36 | Create | Villager (Male) |
| 17:42 | Create | Skirmisher |
| 17:58 | Build | Farm |
| 18:11 | Build | House |
| 18:22 | Build | Farm |
| 18:24 | Build | Farm |
| 18:29 | Create | Skirmisher |
| 18:40 | Create | Villager (Male) |
| 18:40 | Create | Villager (Male) |
| 19:39 | Create | Villager (Male) |
| 19:39 | Create | Villager (Male) |
| 19:39 | Create | Villager (Male) |
| 19:40 | Create | Villager (Male) |
| 20:08 | Build | House |
| 20:11 | Research | Double-Bit Axe |
| 20:13 | Research | Horse Collar |
| 20:37 | Create | Villager (Male) |
| 20:37 | Create | Villager (Male) |
| 20:37 | Create | Villager (Male) |
| 20:41 | Build | Farm |
| 20:41 | Build | Farm |
| 20:42 | Build | Farm |
| 20:42 | Build | Farm |
| 20:42 | Build | Farm |
| 20:42 | Build | Farm |
| 20:53 | Build | House |
| 21:23 | Build | Blacksmith |
| 21:39 | Create | Spearman |
| 21:39 | Create | Spearman |
| 21:43 | Research | Arson |
| 22:03 | Build | Farm |
| 22:06 | Research | Wheelbarrow |
| 22:17 | Build | Palisade Gate |
| 22:19 | Create | Villager (Male) |
| 22:20 | Create | Villager (Male) |
| 22:43 | Build | Market |
| 22:59 | Create | Skirmisher |
| 22:59 | Create | Skirmisher |
| 24:55 | Research | Fletching |
| 26:05 | Create | Villager (Male) |
| 26:05 | Create | Villager (Male) |
| 26:06 | Create | Villager (Male) |
Build order — ralcaz
First 150 of 490 actions detected
| 0:01 | Create | Villager (Male) ×4 |
| 0:02 | Build | House |
| 0:03 | Build | House |
| 1:28 | Create | Villager (Male) |
| 1:29 | Create | Villager (Male) |
| 1:59 | Create | Villager (Male) |
| 2:23 | Create | Villager (Male) |
| 2:23 | Create | Villager (Male) |
| 2:23 | Create | Villager (Male) |
| 2:45 | Create | Villager (Male) |
| 2:45 | Create | Villager (Male) |
| 3:17 | Create | Villager (Male) |
| 3:17 | Create | Villager (Male) |
| 3:17 | Create | Villager (Male) |
| 3:22 | Build | Lumber Camp |
| 3:50 | Build | House |
| 4:04 | Create | Villager (Male) |
| 4:04 | Create | Villager (Male) |
| 4:05 | Create | Villager (Male) |
| 4:23 | Build | Palisade Wall |
| 4:35 | Research | Loom |
| 4:53 | Create | Villager (Male) |
| 5:17 | Create | Villager (Male) |
| 5:31 | Build | House |
| 5:35 | Create | Villager (Male) |
| 5:37 | Build | Mill |
| 6:02 | Create | Villager (Male) |
| 6:05 | Build | Palisade Wall |
| 6:21 | Create | Villager (Male) |
| 6:52 | Build | Palisade Wall |
| 7:11 | Create | Villager (Male) |
| 7:40 | Research | Feudal Age |
| 7:40 | Research | Feudal Age |
| 7:47 | Build | Palisade Wall |
| 8:16 | Build | Palisade Wall |
| 8:22 | Build | Barracks |
| 8:31 | Create | Villager (Male) |
| 8:58 | Build | Mining Camp |
| 9:28 | Build | House |
| 9:50 | Age | Feudal Age |
| 9:51 | Create | Villager (Male) |
| 10:00 | Build | Archery Range |
| 10:07 | Research | Double-Bit Axe |
| 10:18 | Create | Villager (Male) |
| 10:43 | Create | Villager (Male) |
| 10:45 | Build | Archery Range |
| 10:52 | Create | Villager (Male) |
| 11:02 | Build | House |
| 11:06 | Build | Palisade Wall |
| 11:25 | Build | House |
| 11:33 | Create | Villager (Male) |
| 11:35 | Create | Archer |
| 11:35 | Create | Archer |
| 11:44 | Create | Archer |
| 11:45 | Create | Archer |
| 11:57 | Create | Archer |
| 11:57 | Create | Archer |
| 11:59 | Create | Villager (Male) |
| 12:14 | Create | Archer |
| 12:14 | Create | Archer |
| 12:28 | Create | Archer |
| 12:36 | Create | Villager (Male) |
| 12:41 | Build | House |
| 12:42 | Build | House |
| 12:50 | Build | Farm |
| 12:53 | Create | Archer |
| 12:58 | Create | Villager (Male) |
| 13:14 | Build | Farm |
| 13:15 | Build | Farm |
| 13:17 | Create | Villager (Male) |
| 13:22 | Create | Archer |
| 13:31 | Build | Blacksmith |
| 13:40 | Create | Archer |
| 13:40 | Create | Villager (Male) |
| 13:43 | Build | Farm |
| 13:50 | Create | Archer |
| 13:59 | Create | Villager (Male) |
| 14:04 | Build | Farm |
| 14:06 | Build | Farm |
| 14:10 | Create | Archer |
| 14:23 | Create | Archer |
| 14:39 | Create | Villager (Male) |
| 14:49 | Create | Archer |
| 14:50 | Create | Villager (Male) |
| 14:54 | Build | Farm |
| 14:55 | Build | Farm |
| 14:58 | Build | Farm |
| 15:02 | Create | Archer |
| 15:05 | Create | Archer |
| 15:21 | Build | House |
| 15:31 | Build | Farm |
| 15:39 | Create | Archer |
| 15:43 | Research | Fletching |
| 15:43 | Research | Fletching |
| 15:43 | Research | Fletching |
| 15:45 | Create | Villager (Male) |
| 16:00 | Create | Villager (Male) |
| 16:03 | Build | Farm |
| 16:06 | Create | Archer |
| 16:20 | Create | Archer |
| 16:21 | Create | Villager (Male) |
| 16:32 | Build | House |
| 16:33 | Build | Farm |
| 16:38 | Create | Archer |
| 16:48 | Build | House |
| 17:01 | Create | Archer |
| 17:03 | Create | Villager (Male) |
| 17:13 | Build | Farm |
| 17:16 | Create | Villager (Male) |
| 17:18 | Build | Farm |
| 17:20 | Create | Archer |
| 17:31 | Create | Archer |
| 17:43 | Build | House |
| 17:44 | Build | House |
| 17:49 | Create | Archer |
| 17:58 | Create | Villager (Male) |
| 18:43 | Research | Castle Age |
| 18:43 | Research | Castle Age |
| 19:02 | Build | House |
| 19:02 | Build | House |
| 19:04 | Research | Padded Archer Armor |
| 19:04 | Research | Padded Archer Armor |
| 19:33 | Create | Villager (Male) |
| 19:38 | Create | Archer |
| 19:39 | Create | Archer |
| 20:00 | Build | House |
| 20:01 | Build | House |
| 20:19 | Create | Archer |
| 20:41 | Create | Archer |
| 21:12 | Build | House |
| 21:13 | Build | House |
| 21:22 | Age | Castle Age |
| 21:23 | Research | Bodkin Arrow |
| 21:23 | Research | Bodkin Arrow |
| 21:24 | Research | Crossbowman (upgrade) |
| 21:24 | Research | Crossbowman (upgrade) |
| 21:24 | Research | Crossbowman (upgrade) |
| 21:28 | Research | Bow Saw |
| 21:28 | Research | Bow Saw |
| 21:30 | Build | Town Center |
| 21:38 | Build | University |
| 21:45 | Create | Villager (Male) |
| 21:47 | Research | Thumb Ring |
| 22:02 | Create | Villager (Male) |
| 22:15 | Build | House |
| 22:15 | Build | House |
| 22:24 | Create | Villager (Male) |
| 22:28 | Create | Villager (Male) |
| 22:34 | Create | Archer |
| 22:37 | Create | Archer |
Match timeline
| 3:27 | Camagroc · wall_segment Palisade Wall x6 |
| 4:13 | Camagroc · wall_segment Palisade Wall x4 |
| 4:23 | ralcaz · wall_segment Palisade Wall x9 |
| 4:28 | [AJJRR] Minillop · wall_segment Palisade Wall x2 |
| 4:39 | [AJJRR] Minillop · wall_segment Palisade Wall x1 |
| 4:45 | [AJJRR] Minillop · wall_segment Palisade Wall x1 |
| 4:46 | Camagroc · wall_segment Palisade Wall x7 |
| 4:58 | fitolino locche · wall_segment Palisade Wall x1 |
| 4:59 | fitolino locche · wall_segment Palisade Wall x1 |
| 5:05 | fitolino locche · wall_segment Palisade Wall x1 |
| 5:09 | fitolino locche · wall_segment Palisade Wall x1 |
| 5:09 | Camagroc · wall_segment Palisade Wall x7 |
| 5:22 | fitolino locche · wall_segment Palisade Wall x1 |
| 5:22 | [AJJRR] Minillop · wall_segment Palisade Wall x8 |
| 5:25 | fitolino locche · wall_segment Palisade Wall x2 |
| 5:30 | [AJJRR] Minillop · wall_segment Palisade Wall x10 |
| 5:36 | [AJJRR] Minillop · wall_segment Palisade Wall x8 |
| 6:05 | ralcaz · wall_segment Palisade Wall x6 |
| 6:28 | fitolino locche · wall_segment Palisade Wall x1 |
| 6:30 | Camagroc · wall_segment Palisade Wall x10 |
| 6:42 | Camagroc · wall_segment Palisade Wall x1 |
| 6:43 | Camagroc · wall_segment Palisade Wall x1 |
| 6:51 | Camagroc · wall_segment Palisade Wall x6 |
| 6:52 | ralcaz · wall_segment Palisade Wall x6 |
| 7:28 | Camagroc · wall_segment Palisade Wall x3 |
| 7:47 | ralcaz · wall_segment Palisade Wall x4 |
| 8:16 | ralcaz · wall_segment Palisade Wall x3 |
| 8:22 | ralcaz · first_building Barracks |
| 8:59 | Camagroc · wall_segment Palisade Wall x1 |
| 9:50 | ralcaz · age_up feudal |
| 10:00 | ralcaz · first_building Archery Range |
| 10:25 | fitolino locche · wall_segment Palisade Wall x1 |
| 10:28 | fitolino locche · wall_segment Palisade Wall x1 |
| 10:29 | fitolino locche · wall_segment Palisade Wall x1 |
| 11:06 | ralcaz · wall_segment Palisade Wall x7 |
| 11:16 | deju30 · age_up feudal |
| 11:18 | fitolino locche · first_building Barracks |
| 11:21 | deju30 · first_building Barracks |
| 11:34 | [AJJRR] Minillop · first_building Barracks |
| 11:52 | [AJJRR] Minillop · age_up feudal |
| 11:55 | deju30 · first_building Stable |
| 12:22 | javierva89 · age_up feudal |
| 12:46 | Camagroc · wall_segment Palisade Wall x1 |
| 12:47 | Camagroc · wall_segment Palisade Wall x1 |
| 12:48 | Camagroc · wall_segment Palisade Wall x1 |
| 12:49 | Camagroc · wall_segment Palisade Wall x1 |
| 12:55 | Camagroc · wall_segment Palisade Wall x1 |
| 12:56 | Camagroc · wall_segment Palisade Wall x1 |
| 12:58 | Camagroc · wall_segment Palisade Wall x1 |
| 13:11 | fitolino locche · wall_segment Palisade Wall x1 |
| 13:18 | Camagroc · wall_segment Palisade Wall x1 |
| 13:19 | Camagroc · wall_segment Palisade Wall x1 |
| 13:24 | Camagroc · wall_segment Palisade Wall x1 |
| 13:25 | Camagroc · wall_segment Palisade Wall x1 |
| 13:25 | Camagroc · wall_segment Palisade Wall x1 |
| 13:54 | fitolino locche · age_up feudal |
| 14:07 | fitolino locche · first_building Archery Range |
| 14:22 | Camagroc · first_building Barracks |
| 14:42 | Camagroc · wall_segment Palisade Wall x1 |
| 14:43 | Camagroc · wall_segment Palisade Wall x1 |
| 14:44 | Camagroc · wall_segment Palisade Wall x1 |
| 14:46 | Camagroc · wall_segment Palisade Wall x1 |
| 14:47 | Camagroc · wall_segment Palisade Wall x1 |
| 14:49 | Camagroc · wall_segment Palisade Wall x1 |
| 14:49 | Camagroc · wall_segment Palisade Wall x1 |
| 14:50 | Camagroc · wall_segment Palisade Wall x1 |
| 14:51 | Camagroc · wall_segment Palisade Wall x1 |
| 14:52 | Camagroc · wall_segment Palisade Wall x1 |
| 15:46 | Camagroc · age_up feudal |
| 15:57 | Camagroc · first_building Archery Range |
| 16:03 | javierva89 · age_up castle |
| 16:21 | deju30 · age_up castle |
| 16:40 | [AJJRR] Minillop · first_market_buy 100 food |
| 19:29 | [AJJRR] Minillop · age_up castle |
| 19:37 | fitolino locche · wall_segment Stone Wall x2 |
| 19:47 | fitolino locche · wall_segment Stone Wall x1 |
| 19:49 | fitolino locche · wall_segment Stone Wall x1 |
| 19:53 | fitolino locche · wall_segment Stone Wall x1 |
| 19:56 | fitolino locche · wall_segment Stone Wall x1 |
| 21:22 | ralcaz · age_up castle |
| 21:44 | javierva89 · first_building Stable |
| 23:13 | javierva89 · wall_segment Palisade Wall x1 |
| 23:35 | fitolino locche · wall_segment Stone Wall x39 |
| 24:09 | javierva89 · wall_segment Palisade Wall x1 |
| 24:12 | javierva89 · wall_segment Palisade Wall x1 |
| 26:50 | Camagroc · first_market_buy 100 food |
| 27:29 | deju30 · first_market_buy 100 stone |
| 27:45 | javierva89 · age_up imperial |
| 28:23 | fitolino locche · age_up castle |
| 29:23 | Camagroc · wall_segment Palisade Wall x1 |
| 29:25 | Camagroc · wall_segment Palisade Wall x1 |
| 29:26 | Camagroc · wall_segment Palisade Wall x1 |
| 29:35 | Camagroc · age_up castle |
| 29:48 | fitolino locche · wall_segment Stone Wall x1 |
| 30:13 | ralcaz · first_building Monastery |
| 30:15 | fitolino locche · first_market_buy 100 stone |
| 30:36 | [AJJRR] Minillop · first_building Castle |
| 31:34 | fitolino locche · wall_segment Stone Wall x1 |
| 32:29 | deju30 · first_building Monastery |
| 33:03 | Camagroc · wall_segment Stone Wall x5 |
| 33:06 | deju30 · first_market_sell 100 stone |
| 33:16 | ralcaz · first_market_sell 100 food |
| 33:24 | ralcaz · first_building Siege Workshop |
| 33:55 | javierva89 · first_market_sell 100 wood |
| 34:05 | [AJJRR] Minillop · first_market_sell 100 wood |
| 34:11 | ralcaz · age_up imperial |
| 35:19 | Camagroc · first_building Castle |
| 35:20 | fitolino locche · first_building Castle |
| 35:54 | ralcaz · first_building Castle |
| 36:05 | deju30 · age_up imperial |
| 37:01 | fitolino locche · first_building Siege Workshop |
| 37:41 | [AJJRR] Minillop · age_up imperial |
| 38:41 | javierva89 · first_building Castle |
| 40:45 | deju30 · tribute_sent a jugador 2 |
| 40:45 | deju30 · tribute_sent a jugador 3 |
| 40:45 | deju30 · tribute_sent a jugador 4 |
| 40:45 | deju30 · tribute_sent a jugador 5 |
| 40:45 | deju30 · tribute_sent a jugador 6 |
| 41:05 | Camagroc · first_market_sell 100 wood |
| 42:07 | Camagroc · first_building Siege Workshop |
| 42:35 | javierva89 · first_building Barracks |
| 49:02 | deju30 · tribute_sent a jugador 2 |
| 49:02 | deju30 · tribute_sent a jugador 3 |
| 49:02 | deju30 · tribute_sent a jugador 4 |
| 49:02 | deju30 · tribute_sent a jugador 5 |
| 49:02 | deju30 · tribute_sent a jugador 6 |
| 51:02 | fitolino locche · wall_segment Stone Wall x1 |
| 51:10 | fitolino locche · wall_segment Stone Wall x8 |
| 52:39 | fitolino locche · wall_segment Stone Wall x1 |
| 52:45 | fitolino locche · wall_segment Stone Wall x1 |
| 53:02 | Camagroc · age_up imperial |
| 53:19 | ralcaz · resign |
[ AI ANALYSIS · 1 CREDIT ]
What really happened in this match?
Wolo.gg analyzes every decision: build order, eco, micro, common mistakes by bracket. Personalized analysis on WhatsApp or Discord in 30 seconds.
Civ guide
Wu
Perfil
[AJJRR] Minillop